Map: 사이버 포레스트 - 래더

Players

INnoVation

  • Race: Terran Terran
  • Spawn Location: 5:00

Serral - Winner!

  • Race: Zerg Zerg
  • Spawn Location: 11:00

Event: IEM Season 13: Katowice (2019)

VOD

Have the link to the VOD?

Description

Time

  • Played on: March 1, 2019, 9:12 a.m.
  • Length: 12:36

All games in this series

Show
View Real Time Build Order
Export as new Build Order

INnoVation Terran 

Build Orders: Gas First Reaper Expand, Liberator Opening 

Get SALT Encoding   

  12  0:00  SCV  
  13  0:12  SCV  
  14  0:17  Supply Depot  
  14  0:24  SCV  
  15  0:28  Refinery  
  15  0:38  SCV  
  16  0:44  Barracks  
  16  0:50  SCV  
  17  1:02  SCV  
  18  1:15  SCV  
  19  1:31  Orbital Command  
  19  1:32  Reaper  
  20  1:42  Command Center  
  20  1:52  Factory  
  20  1:56  SCV  
  21  2:05  Barracks Reactor  
  21  2:09  SCV  
  21  2:10  Supply Depot  
  21  2:12  Refinery  
  22  2:21  SCV  
  23  2:33  SCV  
  24  2:42  Starport  
  24  2:44  Hellion x2  
  24  2:45  SCV  
  24  2:47  Marine  
  30  2:54  Orbital Command  
  30  2:57  SCV  
  31  3:04  Marine  
  32  3:09  Hellion x2  
  36  3:18  Medivac  
  38  3:24  Marine  
  38  3:25  Armory  
  39  3:31  Hellion  
  39  3:32  Hellion  
  43  3:36  Supply Depot  
  43  3:38  SCV  
  43  3:41  Liberator  
  44  3:45  SCV  
  45  3:50  SCV  
  46  3:58  Hellion x2  
  46  4:01  Supply Depot  
  53  4:03  Barracks Tech Lab  
  53  4:10  SCV  
  54  4:23  SCV  
  59  4:24  Supply Depot, Liberator  
  59  4:30  SCV  
  60  4:35  SCV  
  59  4:43  Bunker  
  59  4:44  SCV  
  57  4:45  Marine  
  57  4:46  Marine, Siege Tank  
  57  4:47  SCV  
  57  4:52  Bunker  
  56  4:57  SCV  
  56  4:59  SCV  
  49  5:00  Supply Depot  
  49  5:03  Marine  
  49  5:04  Marine  
  49  5:09  SCV  
  49  5:11  SCV  
  51  5:21  Marine x2, Siege Tank  
  51  5:26  SCV  
  51  5:27  SCV  
  53  5:38  SCV  
  53  5:39  Marine x2, SCV  
  56  5:46  Supply Depot  
  54  5:52  SCV x2  
  54  5:55  Siege Tank  
  57  5:58  Marine  
  57  5:59  Marine  
  59  6:07  SCV  
  59  6:08  SCV  
  61  6:11  Starport Tech Lab  
  61  6:13  Viking  
  61  6:16  Marine x2  
  64  6:20  SCV x2  
  61  6:27  Siege Tank  
  61  6:30  Barracks x2  
  61  6:32  SCV x2  
  66  6:36  Marine x2  
  62  6:46  SCV  
  62  6:47  SCV  
  63  6:52  Refinery  
  63  6:54  Engineering Bay  
  63  6:55  Marine x2  
  64  7:01  Siege Tank  
  64  7:02  SCV x2  
  69  7:14  SCV x2  
  69  7:15  Marine x2  
  72  7:16  Refinery  
  72  7:19  Barracks Tech Lab x2  
  72  7:22  Starport Reactor, Terran Infantry Weapons Level 1  
  73  7:23  Supply Depot  
  73  7:27  SCV x2  
  75  7:38  Marine x4, Stimpack  
  75  7:39  SCV  
  75  7:40  SCV  
  81  7:45  Supply Depot  
  81  7:51  Barracks x2  
  81  7:53  SCV x2  
  81  7:56  Combat Shield  
  83  7:59  Marine x2  
  83  8:00  Marine x2  
  83  8:04  Siege Tank  
  90  8:05  SCV  
  90  8:06  SCV  
  90  8:11  Supply Depot  
  92  8:19  Marine x4  
  96  8:21  Supply Depot  
  96  8:22  Supply Depot  
  96  8:23  Medivac  
  96  8:26  Medivac  
  100  8:36  Marine x2  
  100  8:37  Marine x2, Siege Tank  
  105  8:44  Supply Depot  
  105  8:45  Barracks Reactor  
  104  8:50  Barracks Reactor  
  104  8:51  Supply Depot  
  104  8:56  Marine  
  104  8:57  Marine, Marauder x2  
  110  9:13  Supply Depot  
  110  9:15  Siege Tank  
  113  9:18  Marauder x2  
  113  9:21  Marine x4  
  119  9:34  SCV x2  
  117  9:41  Medivac x2  
  118  9:51  Marine x5, Marauder x2  
  118  9:52  Marine  
  117  9:55  Concussive Shells  
  117  10:03  Terran Infantry Armor Level 1  
  114  10:12  Marine x6, Marauder  
  114  10:13  Marauder  
  124  10:19  Siege Tank  
  127  10:28  Medivac  
  117  10:34  Marine x5  
  117  10:35  Marine  
  123  10:41  Medivac  
  118  10:52  Marine  
  118  10:53  Marine, Marauder x2  
  118  10:55  Marine  
  125  11:00  Medivac  
  119  11:11  Medivac  
  119  11:13  Siege Tank  
  119  11:15  Marine  
  124  11:20  Marine  
  117  11:28  Marine, Marauder  
  118  11:35  Marine x2  
  122  11:49  Marine  
  102  12:00  Marine x2, Marauder  
  82  12:09  Marauder  
  82  12:11  Marine  
  82  12:13  Marine  
Show
View Real Time Build Order
Export as new Build Order

Serral Zerg - Winner!

Build Orders: Hatch First, Roach Nydus 

Get SALT Encoding   

  12  0:00  Drone  
  13  0:12  Overlord  
  13  0:16  Drone  
  14  0:30  Drone x2  
  16  0:48  Hatchery  
  15  0:51  Drone  
  15  0:55  Drone  
  17  0:58  Drone  
  18  1:09  Extractor  
  17  1:13  Spawning Pool  
  17  1:17  Drone  
  17  1:20  Drone  
  18  1:27  Drone  
  19  1:38  Drone  
  20  1:50  Drone  
  21  2:00  Queen x2  
  25  2:03  Zergling x4  
  27  2:14  Hatchery  
  26  2:20  Overlord  
  26  2:23  Drone  
  26  2:25  Drone  
  28  2:39  Drone x3  
  28  2:43  Lair  
  31  2:47  Extractor  
  31  2:49  Queen  
  32  2:57  Drone  
  32  2:58  Drone  
  34  3:00  Drone x2  
  34  3:05  Overlord  
  36  3:24  Drone x4  
  36  3:26  Queen  
  42  3:30  Drone  
  42  3:31  Drone  
  44  3:39  Roach Warren  
  43  3:42  Nydus Network  
  43  3:47  Overlord  
  42  3:48  Drone  
  42  3:54  Overlord  
  43  3:59  Overseer  
  43  4:19  Roach x4  
  43  4:20  Roach x3  
  43  4:21  Roach  
  43  4:23  Roach  
  61  4:28  Roach  
  61  4:31  Roach  
  62  4:35  Roach  
  63  4:42  Roach, Queen  
  61  4:46  Roach  
  61  4:48  Roach  
  63  4:54  Zergling x8  
  63  5:05  Nydus Canal  
  63  5:08  Drone x3  
  63  5:12  Overlord  
  66  5:19  Overlord, Nydus Canal  
  66  5:22  Drone  
  66  5:26  Drone x2  
  62  5:32  Drone x3  
  65  5:36  Ravager  
  65  5:39  Ravager, Drone x2  
  65  5:41  Drone  
  70  5:43  Drone  
  70  5:44  Drone  
  70  5:48  Ravager  
  73  5:50  Drone  
  73  5:52  Drone  
  73  5:53  Drone  
  73  5:56  Queen  
  74  6:00  Nydus Canal  
  74  6:04  Queen  
  74  6:08  Extractor x2  
  74  6:09  Drone x2  
  74  6:10  Drone  
  74  6:11  Drone  
  77  6:13  Drone  
  77  6:14  Drone  
  77  6:17  Nydus Canal  
  79  6:18  Drone x2  
  79  6:21  Drone  
  79  6:27  Drone x3  
  79  6:31  Extractor x2, Queen  
  82  6:32  Overlord  
  82  6:36  Overlord  
  82  6:38  Overlord  
  82  6:48  Overlord x2  
  82  6:52  Evolution Chamber  
  81  6:54  Evolution Chamber, Drone x4  
  81  6:57  Drone  
  81  6:59  Drone x2  
  87  7:03  Drone x2  
  89  7:08  Queen  
  89  7:09  Queen  
  89  7:11  Glial Reconstitution  
  89  7:14  Drone  
  89  7:15  Drone x2  
  95  7:19  Drone x3  
  99  7:23  Overseer  
  99  7:25  Overlord  
  99  7:26  Drone x2  
  101  7:35  Zerg Missile Weapons Level 1, Zerg Ground Armor Level 1  
  101  7:37  Drone  
  101  7:38  Spore Crawler  
  101  7:40  Drone  
  101  7:41  Spore Crawler  
  101  7:44  Overlord x2  
  101  7:53  Hatchery  
  101  7:54  Overlord  
  100  7:59  Roach x3  
  100  8:00  Roach  
  100  8:03  Spore Crawler  
  100  8:05  Metabolic Boost  
  107  8:07  Roach x2  
  111  8:13  Roach x3  
  111  8:18  Overlord  
  119  8:20  Roach x3  
  119  8:25  Overlord x2  
  123  8:31  Roach x4  
  123  8:34  Overlord  
  131  8:36  Overlord  
  131  8:42  Roach x4  
  131  8:46  Ravager x2  
  131  8:47  Ravager x4  
  145  8:51  Overlord  
  145  8:53  Roach x3  
  145  8:55  Overseer  
  151  9:02  Roach x4  
  159  9:10  Nydus Canal  
  159  9:11  Overlord  
  159  9:12  Roach x4, Overseer  
  159  9:14  Roach  
  169  9:17  Roach x2  
  169  9:20  Roach  
  169  9:23  Drone  
  176  9:24  Baneling Nest  
  176  9:29  Roach x4  
  183  9:35  Roach  
  183  9:36  Roach x3  
  191  9:40  Roach x2  
  191  9:41  Overseer  
  172  9:46  Roach x4  
  172  9:48  Overseer  
  162  9:55  Drone x2  
  162  9:56  Drone  
  162  9:57  Roach x2  
  169  10:04  Ravager x6  
  169  10:05  Ravager  
  176  10:11  Roach x3, Zergling x10  
  187  10:19  Ravager x2  
  187  10:20  Zergling x6  
  192  10:27  Roach x4  
  169  10:34  Zergling x14  
  172  10:44  Roach x5  
  172  10:48  Baneling  
  172  10:49  Nydus Canal  
  173  10:52  Roach x3  
  179  10:57  Baneling x5  
  179  10:58  Zergling x6  
  179  11:07  Nydus Canal  
  179  11:09  Ravager, Zergling x2  
  179  11:10  Zergling x20  
  184  11:20  Zergling x14  
  175  11:26  Ravager x4  
  175  11:32  Baneling Nest  
  177  11:34  Roach x5  
  185  11:41  Overlord  
  185  11:42  Overlord  
  184  11:52  Roach x8  
  173  11:58  Roach x2  
  160  12:06  Ravager  
  160  12:07  Ravager  
  160  12:08  Ravager  
  163  12:09  Ravager  
  163  12:12  Hatchery  
  163  12:17  Extractor  
  163  12:18  Extractor  

Tags
 
Add a new tag
Caveats
  • Supply blocks, unpowered buildings, or Contaminate may cause inaccurate times.
  • Supply counts are checked every 10 seconds.